 Dungeon Crawl Stone Soup version 0.26-a0-652-gafc20e3620 (webtiles) character file.

Game seed: 17917653397535178382

2 elmdor the Sneak (level 1, -4/18 HPs)
             Began as a Formicid Delver on Oct 3, 2020.
             Was an Initiate of Ashenzari.
             Slain by a sky beast (6 damage)
             ... on level 5 of the Dungeon.
             The game lasted 00:02:39 (304 turns).

elmdor the Sneak (Formicid Delver)                   Turns: 304, Time: 00:02:39

Health: -4/18      AC:  3    Str: 16    XL:     1   Next: 44%
Magic:  1/1        EV: 12    Int:  9    God:    Ashenzari [......]
Gold:   17         SH:  0    Dex: 12    Spells: 0/0 levels left

rFire    . . .     SeeInvis +   h - +0 war axe
rCold    . . .     Faith    .   (no shield)
rNeg     . . .     Spirit   .   b - +0 leather armour
rPois    .         Reflect  .   (helmet unavailable)
rElec    .         Harm     .   (no cloak)
rCorr    .         Rampage  .   (no gloves)
MR       .....                  (no boots)
Stlth    +++.......             (no amulet)
HPRegen  0.06/turn              (no ring)
MPRegen  0.07/turn              (no ring)

@: no status effects
A: permanent stasis, dig shafts and tunnels, four strong arms, antennae 3
a: Dig, Shaft Self, Curse Item, Renounce Religion


You were on level 5 of the Dungeon.
You worshipped Ashenzari.
Ashenzari was noncommittal.
You visited 2 branches of the dungeon, and saw 3 of its levels.

You collected 17 gold pieces.

Inventory:

Hand Weapons
 a - a +0 hand axe
 h - a +0 war axe (weapon)
Missiles
 g - 23 sling bullets
Armour
 b - a +0 leather armour (worn)
Magical Staves
 i - an uncursed staff of earth
Jewellery
 d - an uncursed ring of fire
Wands
 f - a wand of digging (3)
Scrolls
 c - a scroll of fog
 j - a scroll of random uselessness {unknown}


   Skills:
 - Level 3.2 Fighting
 + Level 2.2 Axes
 - Level 1.7 Dodging
 - Level 6.0 Stealth


You couldn't memorise any spells.
You didn't know any spells.
Your spell library was empty.

Dungeon Overview and Level Annotations

Branches:
Dungeon (5/15)             Temple (1/1) D:5

Altars:
Ashenzari
Cheibriados
Elyvilon
Fedhas
Gozag
Hepliaklqana
Kikubaaqudgha
Nemelex Xobeh
Okawaru
Ru
Sif Muna
Uskayaw
Vehumet
Yredelemnul
The Shining One

Shops:
D:5 [


Innate Abilities, Weirdness & Mutations

You cannot be hasted, slowed, berserked, paralysed or teleported.
You can dig through walls and to a lower floor.
Your four strong arms can wield two-handed weapons with a shield.
You have a pair of large antennae on your head. (SInv)


Message History

The jackal closely misses you. The jackal closely misses you.
The jackal misses you.
You aren't carrying any potions.
Unknown command.
Press: ? - help, v - describe, . - travel
Here: a jackal (heavily wounded)
The floor.
Unknown command.
Evoke which item? (* to show all) (? for menu, Esc to quit)
Okay, then.
Unknown command.
Unknown command.
As you read the scroll of fear, it crumbles to dust.
You assume a fearsome visage.
The jackal looks frightened! x2
There is a stone staircase leading down here.
You climb downwards.
The sky beast hits you.
* * * LOW HITPOINT WARNING * * *
The sky beast shocks you.
You die...

*,,,,,,**#,#...#.#,**,*
*,,.5,,* #.#...#.#,#*,*
*,...,,* #.#...#.#.##.*
*...$,,* #............*
*##....,,###.#.....#.##.*
#≈≈≈...,,.......$#.#,**,*
≈≈≈≈≈..,,###.#.#.#.#,**,*
≈≈∩...#*,* #.#.#.#.#.#*,*
≈≈≈≈≈#**,* #.#..@Y...#*,*
#≈≈≈## #.* #.#.###.#.#*,*
**######.###.#.....#,**,*
,,,...)......#.######**,*
***#.#*#.#*#..........,,*
#.# #.# #.#.#######,,*
#.# #.# #......# *,,*
####.###.###.#.##.# *,,*
.............#.#*,#***,,*


You could see a sky beast.

Vanquished Creatures
  An orc (D:5)
  A frilled lizard (D:4)
2 creatures vanquished.

Notes
Turn   | Place    | Note
-------+----------+-------------------------------------------
     0 | D:5      | elmdor the Formicid Delver began the quest for the Orb.
     0 | D:5      | Reached XP level 1. HP: 18/18 MP: 1/1
    20 | D:5      | Found a staircase to the Ecumenical Temple.
    20 | D:5      | Noticed a howler monkey
    26 | Temple   | Entered the Ecumenical Temple
   115 | Temple   | Became a worshipper of Ashenzari the Shackled
   160 | D:5      | Found Cousk's Antique Armour Boutique.
   205 | D:5      | Noticed a sky beast
   304 | D:5      | Slain by a sky beast

Illustrated notes

Levels and vault maps discovered:
D:4:      layout_loops_corners, grunt_dithmenos_smoke_and_mirrors,
          kennysheep_generic_room_16
D:5:      layout_basic, minmay_temple_entry_hall, serial_shops,
          nicolae_shop_waterfront, hangedman_decor_points, chequers_mini_garden,
          minmay_misc_feat_x, uniq_grinder
Temple:   regret_index_temple_waves

Action                   || total
-------------------------++-------
Melee: War axe           ||     8
 Abil: Dig               ||     2
  Use: Scroll            ||     2
Armor: Leather armour    ||     6
Dodge: Dodged            ||    16

Table legend: (Time is in decaauts)
 A = Elapsed time spent in this place.
 B = Non-inter-level travel time spent in this place.
 C = Inter-level travel time spent in this place.
 D = Time resting spent in this place.
 E = Time spent auto-exploring this place.
 F = Levels seen in this place.
 G = Mean time per level.
                   A        B        C        D        E       F      G
               +--------+--------+--------+--------+--------+-----+--------+
         Total |    308 |    308 |      0 |      0 |     72 |   3 |  102.7 |
       Dungeon |    211 |    211 |      0 |      0 |      0 |   2 |  105.5 |
        Temple |     96 |     96 |      0 |      0 |     72 |   1 |   96.0 |
               +--------+--------+--------+--------+--------+-----+--------+

Top non-repeatable levels by time:
     D:5: 120 daAuts
  Temple: 96 daAuts
     D:4: 91 daAuts
